 Dungeon Crawl Stone Soup version 0.21.1-1-g345015f (webtiles) character file.

17105 Lokkij the Destroyer (level 12, -9/117 HPs)
             Began as a Demonspawn Ice Elementalist on May 2, 2018.
             Was a High Priest of Ru.
             Mangled by a harpy (11 damage)
             ... on level 1 of the Shoals on May 7, 2018.
             The game lasted 01:40:06 (17248 turns).

Lokkij the Destroyer (Demonspawn Ice Elementalist) Turns: 17248, Time: 01:40:06

Health: -9/117     AC: 11    Str: 14    XL:     12   Next: 15%
Magic:  18/25      EV: 11    Int: 24    God:    Ru [*****.]
Gold:   706        SH:  4    Dex: 16    Spells: 14/30 levels left

rFire    . . .     SeeInvis .   K - +5 long sword "Keyxeetu" {venom, rElec}
rCold    + + +     Gourm    .   (no shield)
rNeg     . . .     Faith    .   v - +3 ring mail {rC+}
rPois    .         Spirit   .   W - +1 hat {Int+3}
rElec    +         Reflect  +   l - +0 cloak
rCorr    .         Harm     .   e - +0 pair of gloves
MR       .....                  U - +1 pair of boots
Stlth    ..........             u - +4 amulet of reflection
HPRegen  0.29/turn              N - ring of the Gastropod {Wiz rC+ Dex+2 Stlth-}
MPRegen  0.19/turn              F - +6 ring of slaying

@: berserking, exhausted, no scrolls, slow
A: horns 2, molten scales 2, cold resistance 1, demonic guardian 1, freezing
cloud immunity, inability to read while threatened, no stealth, inability to
train armour, reduced AC 1
a: Draw Out Power, Power Leap, Apocalypse, Renounce Religion


You were on level 1 of the Shoals.
You worshipped Ru.
Ru was extremely pleased with you.
You were hungry.

You visited 5 branches of the dungeon, and saw 16 of its levels.
You also visited: Labyrinth and Sewer.

You collected 706 gold pieces.

Inventory:

Hand Weapons
 K - the +5 long sword "Keyxeetu" (weapon) {venom, rElec}
   (You found it on level 7 of the Dungeon)

   It poisons the flesh of those it strikes.
   It insulates you from electricity.
Armour
 e - a +0 pair of gloves (worn)
 l - a +0 cloak (worn)
 v - a +3 ring mail of cold resistance (worn)
 I - the +1 shield of Plasticity {Int+3}
   (You found it on level 7 of the Dungeon)

   It affects your intelligence (+3).
 U - a +1 pair of boots (worn)
 W - a +1 hat of intelligence (worn)
Jewellery
 a - the ring "Fitwir" {rF+ Dex+3 Stlth+}
   (You found it in a labyrinth)

   [ring of protection from fire]

   It affects your dexterity (+3).
   It protects you from fire.
   It makes you more stealthy.
 n - an uncursed ring of ice
 t - an uncursed ring of flight
 u - a +4 amulet of reflection (around neck)
 w - an uncursed ring of protection from magic
 F - a +6 ring of slaying (right hand)
 N - the ring of the Gastropod (left hand) {Wiz rC+ Dex+2 Stlth-}
   (You found it on level 7 of the Dungeon)

   [ring of wizardry]

   It improves your spell success rate.
   It affects your dexterity (+2).
   It protects you from cold.
   It makes you less stealthy.
Wands
 f - a wand of disintegration (17)
 A - a wand of paralysis (22)
 J - a wand of polymorph (11)
 O - a wand of iceblast (8)
Scrolls
 g - 3 scrolls of remove curse
 h - 3 scrolls of teleportation
 m - 2 scrolls of fog
 p - a scroll of immolation
 s - a scroll of magic mapping
 x - 3 scrolls of amnesia
 y - 11 scrolls of identify
 B - a scroll of enchant weapon
 D - a scroll of summoning
 E - 2 scrolls of enchant armour
 M - a scroll of blinking
 X - 3 scrolls of fear
Potions
 d - a potion of brilliance {unknown}
 i - 2 potions of magic
 k - 2 potions of agility
 L - a potion of berserk rage
 Q - 3 potions of curing
 R - a potion of flight {unknown}
 V - 2 potions of mutation {unknown}
 Z - a potion of invisibility {unknown}
Books
 b - a book of Frost

   Spells                             Type                      Level
   a - Freeze                         Ice                          1
   b - Throw Frost                    Conjuration/Ice              2
   c - Ozocubu's Armour               Charms/Ice                   3
   d - Throw Icicle                   Conjuration/Ice              4
   e - Summon Ice Beast               Ice/Summoning                4
 c - a book of Conjurations

   Spells                             Type                      Level
   a - Magic Dart                     Conjuration                  1
   b - Searing Ray                    Conjuration                  2
   c - Dazzling Spray                 Conjuration/Hexes            3
   d - Fulminant Prism                Conjuration/Hexes            4
   e - Force Lance                    Conjuration/Translocation    4
   f - Iskenderun's Mystic Blast      Conjuration                  4
 o - a book of Minor Magic

   Spells                             Type                      Level
   a - Magic Dart                     Conjuration                  1
   b - Blink                          Translocation                2
   c - Call Imp                       Summoning                    2
   d - Slow                           Hexes                        2
   e - Conjure Flame                  Conjuration/Fire             3
   f - Mephitic Cloud                 Conjuration/Poison/Air       3
 q - a Young Poisoner's Handbook

   Spells                             Type                      Level
   a - Sting                          Conjuration/Poison           1
   b - Poisonous Vapours              Poison/Air                   2
   c - Mephitic Cloud                 Conjuration/Poison/Air       3
   d - Olgreb's Toxic Radiance        Poison                       4
   e - Venom Bolt                     Conjuration/Poison           5
 r - a book of Burglary

   Spells                             Type                      Level
   a - Swiftness                      Charms/Air                   2
   b - Passwall                       Transmutation/Earth          2
   c - Passage of Golubria            Translocation                4
   d - Lee's Rapid Deconstruction     Earth                        5
   e - Darkness                       Hexes                        6
   f - Invisibility                   Hexes                        6
 G - a book of Battle

   Spells                             Type                      Level
   a - Infusion                       Charms                       1
   b - Shroud of Golubria             Charms/Translocation         2
   c - Song of Slaying                Charms                       2
   d - Spectral Weapon                Hexes/Charms                 3
   e - Regeneration                   Charms/Necromancy            3
 S - a book of Power

   Spells                             Type                      Level
   a - Iskenderun's Battlesphere      Conjuration/Charms           5
   b - Venom Bolt                     Conjuration/Poison           5
   c - Bolt of Magma                  Conjuration/Fire/Earth       5
   d - Iron Shot                      Conjuration/Earth            6
   e - Orb of Destruction             Conjuration                  7
   f - Spellforged Servitor           Conjuration/Summoning        7
Miscellaneous
 C - a lamp of fire
Comestibles
 j - 11 rations


   Skills:
 + Level 1.8 Fighting
 + Level 7.3 Long Blades
 + Level 2.2 Dodging
 + Level 0.5 Shields
 + Level 9.5 Spellcasting
 + Level 10.4 Conjurations
 + Level 3.9 Summonings
 + Level 9.9 Ice Magic


You had 14 spell levels left.
You knew the following spells:

 Your Spells              Type           Power        Failure   Level  Hunger
a - Freeze                Ice            ####         1%          1    None
b - Ozocubu's Armour      Chrm/Ice       #####...     1%          3    None
c - Throw Icicle          Conj/Ice       ######..     1%          4    ##.....
d - Fulminant Prism       Conj/Hex       #####.....   5%          4    ##.....
e - Summon Ice Beast      Ice/Summ       #####...     2%          4    ##.....


Dungeon Overview and Level Annotations

Branches:
Dungeon (9/15)             Temple (1/1) D:5            Lair (4/6) D:8
 Shoals (1/4) Lair:4        Snake (1/4) Lair:3          Orc (0/2) D:9

Altars:
Ashenzari
Cheibriados
Dithmenos
Elyvilon
Fedhas
Gozag
Hepliaklqana
Kikubaaqudgha
Makhleb
Nemelex Xobeh
Okawaru
Qazlal
Ru
Sif Muna
Trog
Uskayaw
Vehumet
Wu Jian
Xom
Yredelemnul
Zin
The Shining One

Shops:
D:7 *   D:8 ([%([

Annotations:
D:9 Maurice


Innate Abilities, Weirdness & Mutations

You have a pair of horns on your head.
You are mostly covered in molten scales. (AC +3)
Your flesh is cold resistant. (rC+)
A weak demonic guardian rushes to your aid.
You are immune to freezing clouds.
You cannot read scrolls while threatened.
You cannot be stealthy.
You cannot train Armour skill.
You take slightly more damage. (AC -5)


Message History

Found 20 stones.
You slice the harpy!!
You kill the harpy!
Your Long Blades skill increases to level 7!
Your Dodging skill increases to level 2!
You redirect the wind drake's attack!
You slice the harpy!!
You kill the harpy!
The harpy is stunned by your will and fails to attack.
Your unstable footing causes you to fumble your attack.
The harpy claws you but does no damage. The harpy claws you!
* * * LOW HITPOINT WARNING * * *
You focus your will and illuminate the harpy in retribution!
The harpy claws you but does no damage. The harpy closely misses you.
A merfolk comes into view. It is wielding a trident.
Unknown command.
You slice the harpy!!
You kill the harpy!
The harpy claws you!
You die...

≈≈≈≈≈≈≈......#
≈≈≈≈≈≈≈≈PPP≈P.
≈≈≈≈≈≈PPP≈PPP
≈≈≈≈≈≈≈≈≈≈P≈...
≈≈≈≈≈≈≈≈≈≈≈PP..
≈≈≈≈≈≈≈P≈≈≈.P#
≈≈≈≈≈≈≈≈≈≈≈P.#
≈≈≈≈≈≈.≈≈P≈@.###..
≈≈≈≈≈≈.≈≈≈H†.......
≈≈≈≈≈≈≈≈≈≈≈≈.......
≈≈≈≈≈...≈k≈≈≈≈.....
≈≈≈≈≈.##:≈≈≈≈≈≈....
≈≈≈≈m...≈≈≈≈≈≈.....
≈≈≈?≈5≈≈≈≈≈≈≈≈.....
≈≈≈≈≈≈≈≈<≈≈≈≈≈.....
≈≈≈≈≈≈.≈≈≈≈≈≈≈≈.(.


You could see a wind drake, a merfolk and a harpy.

Vanquished Creatures
  Gastronok (Lair:1)
  A minotaur (Lab)
  Fannar (Lair:1)
  Sonja (Lair:1)
  4 harpies (Shoals:1)
  An elephant (D:8)
  A black mamba (Lair:3)
  A polar bear (Lair:2)
  3 hippogriffs
  2 redbacks (Lab)
  A shadow (Lab)
  A spriggan (D:8)
  21 yaks
  2 wyverns
  A basilisk (D:8)
  Duvessa (D:5)
  7 porcupines
  2 nagas (Lair:3)
  5 water moccasins
  4 ice beasts
  2 phantoms
  2 orc warriors
  2 sky beasts
  2 black bears
  2 centaurs (D:7)
  2 ogres
  8 crocodiles
  8 bullfrogs
  A wyvern zombie (D:9)
  5 scorpions
  A water moccasin skeleton (D:6)
  2 howler monkeys (D:9)
  7 crimson imps
  A centaur zombie (D:5)
  2 jellies
  Crazy Yiuf (D:7)
  8 orc priests
  2 bullfrog skeletons
  2 centaur skeletons
  12 orc wizards
  Terence (D:3)
  2 iguanas
  4 worker ants
  An ogre skeleton (Lab)
  2 worker ant zombies
  A howler monkey skeleton (D:5)
  4 gnolls
  8 adders
  A river rat (Sewer)
  2 shadow imps (D:7)
  2 oozes
  An adder skeleton (D:8)
  A dart slug (D:1)
  8 leopard geckos
  35 orcs
  6 bats
  8 giant cockroaches
  10 hobgoblins
  7 jackals (D:4)
  13 kobolds
  3 quokkas
  6 ball pythons
  11 frilled lizards
  9 goblins
  A jackal zombie (D:6)
  A quokka skeleton (D:4)
  A quokka zombie (D:5)
  11 rats
  A fungus (Lair:2)
294 creatures vanquished.

Vanquished Creatures (collateral kills)
  Pikel (D:5)
  A yak (Lair:1)
  A naga (Snake:1)
  A sky beast (D:5)
  4 ogres
  A howler monkey (D:4)
  A crimson imp (D:7)
  A hound (D:7)
  An iguana (D:7)
  2 adders
  A gnoll (D:6)
  2 leopard geckos (D:7)
  An orc (D:5)
  A giant cockroach (D:5)
  A quokka (D:7)
  A quokka skeleton (D:4)
21 creatures vanquished.

Vanquished Creatures (others)
  4 slaves (D:5)
  Dowan (D:5)
  A worker ant zombie (D:5)
  A gnoll (D:9)
  4 orcs (D:5)
  A butterfly (D:5)
  31 fulminant prisms
  A fungus (Lair:1)
  3 plants
47 creatures vanquished.

Grand Total: 362 creatures vanquished

Notes
Turn   | Place    | Note
-------+----------+-------------------------------------------
     0 | D:1      | Lokkij the Demonspawn Ice Elementalist began the quest for the Orb.
     0 | D:1      | Reached XP level 1. HP: 13/13 MP: 3/3
   398 | D:1      | Gained mutation: You have a pair of small horns on your head. [demonic ancestry]
   398 | D:1      | Reached XP level 2. HP: 19/19 MP: 1/5
  1333 | D:1      | Gained mutation: You are partially covered in molten scales. (AC +2) [demonic ancestry]
  1333 | D:1      | Reached XP level 3. HP: 20/24 MP: 3/6
  2024 | D:2      | Found a stormy altar of Qazlal.
  2139 | D:2      | Found a basalt altar of Yredelemnul.
  2150 | D:2      | Found a snail-covered altar of Cheibriados.
  2152 | D:2      | Found a hazy altar of Hepliaklqana.
  2162 | D:2      | Learned a level 3 spell: Ozocubu's Armour
  2299 | D:3      | Noticed Terence
  2318 | D:3      | Killed Terence
  2318 | D:3      | Gained mutation: A weak demonic guardian rushes to your aid. [demonic ancestry]
  2318 | D:3      | Reached XP level 4. HP: 24/30 MP: 1/8
  2433 | D:3      | Found a glowing drain.
  2472 | Sewer    | Entered a sewer
  2966 | D:3      | Found a white marble altar of Elyvilon.
  2974 | D:3      | Learned a level 4 spell: Throw Icicle
  3169 | D:3      | Reached XP level 5. HP: 22/35 MP: 0/9
  4020 | D:4      | Reached skill level 2 in Conjurations
  4030 | D:4      | Noticed an ogre
  4050 | D:4      | Gained mutation: Your flesh is cold resistant. (rC+) [demonic ancestry]
  4050 | D:4      | Reached XP level 6. HP: 39/41 MP: 6/11
  4052 | D:4      | Reached skill level 5 in Ice Magic
  4246 | D:4      | Reached skill level 3 in Conjurations
  4380 | D:4      | Reached XP level 7. HP: 46/46 MP: 7/13
  5173 | D:5      | Entered Level 5 of the Dungeon
  5524 | D:5      | Noticed Pikel
  5549 | D:5      | Reached skill level 4 in Conjurations
  5554 | D:5      | Killed Pikel
  5554 | D:5      | Reached skill level 5 in Spellcasting
  5554 | D:5      | Gained mutation: You are mostly covered in molten scales. (AC +3) [demonic ancestry]
  5554 | D:5      | Reached XP level 8. HP: 50/52 MP: 3/16
  5797 | D:5      | Killed Dowan
  5838 | D:5      | Found a shimmering altar of Xom.
  5887 | D:5      | Found a staircase to the Ecumenical Temple.
  5895 | Temple   | Entered the Ecumenical Temple
  6060 | Temple   | Became a worshipper of Ru the Awakened
  6118 | D:5      | Reached skill level 5 in Conjurations
  6254 | D:5      | Learned a level 4 spell: Fulminant Prism
  6259 | D:5      | Learned a level 4 spell: Summon Ice Beast
  6771 | D:5      | Reached skill level 1 in Summonings
  7171 | D:5      | Noticed Duvessa
  7195 | D:5      | Killed Duvessa
  7559 | D:6      | Reached skill level 6 in Conjurations
  7739 | D:6      | Reached XP level 9. HP: 30/57 MP: 4/18
  8454 | D:6      | Gained mutation: You take slightly more damage. (AC -5) [Ru sacrifice]
  8454 | D:6      | Reached * piety under Ru
  8454 | D:6      | Reached ** piety under Ru
  9088 | D:7      | Reached skill level 7 in Conjurations
  9116 | D:7      | Found Ische's General Store.
  9126 | D:7      | Found an iron altar of Okawaru.
  9305 | D:7      | Found a transporter.
  9313 | D:7      | Found a transporter.
  9313 | D:7      | Found a transporter.
  9313 | D:7      | Found a transporter.
  9313 | D:7      | Found a transporter.
  9325 | D:7      | Found a transporter.
  9681 | D:7      | You fall through a shaft!
  9732 | D:8      | Found Uckyex's Armour Shoppe.
  9841 | D:7      | Got a transparent shield
  9861 | D:7      | Got a smoking long sword
  9879 | D:7      | Got a heavily runed brass ring
  9960 | D:7      | Identified the +5 long sword "Keyxeetu" {venom, rElec} (You found it on level 7 of the Dungeon)
  9964 | D:7      | Identified the ring of the Gastropod {Wiz rC+ Dex+2 Stlth-} (You found it on level 7 of the Dungeon)
  9972 | D:7      | Identified the +1 shield of Plasticity {Int+3} (You found it on level 7 of the Dungeon)
 10030 | D:7      | Found a runed door.
 10034 | D:7      | Noticed Crazy Yiuf
 10037 | D:7      | Killed Crazy Yiuf
 10286 | D:8      | Found Luylacs's Antique Weapon Emporium.
 10328 | D:8      | Found Bashriat's Antique Weapon Shoppe.
 10337 | D:8      | Found Atsozeeph's Food Shoppe.
 10424 | D:8      | Found a staircase to the Lair.
 10468 | D:8      | Found Moleidul's Armour Shoppe.
 10613 | D:8      | Reached skill level 1 in Long Blades
 10613 | D:8      | Reached skill level 8 in Conjurations
 10753 | D:8      | Noticed an elephant
 10759 | D:8      | Killed an elephant
 10759 | D:8      | Reached XP level 10. HP: 41/63 MP: 5/20
 11329 | D:9      | Gained mutation: You cannot be stealthy. [Ru sacrifice]
 11622 | D:9      | Noticed Maurice
 11808 | Lair:1   | Entered Level 1 of the Lair of Beasts
 12030 | Lair:1   | Noticed Gastronok
 12031 | Lair:1   | Noticed Sonja
 12145 | Lair:1   | Noticed Fannar
 12161 | Lair:1   | Killed Fannar
 12161 | Lair:1   | Reached skill level 9 in Conjurations
 12901 | Lair:1   | Gained mutation: You are immune to freezing clouds. [demonic ancestry]
 12901 | Lair:1   | Reached XP level 11. HP: 18/68 MP: 18/23
 13215 | Lair:1   | Killed Gastronok
 13215 | Lair:1   | Reached skill level 5 in Long Blades
 13665 | Lair:1   | Killed Sonja
 14271 | Lair:2   | Found a labyrinth entrance.
 14291 | Lair:2   | Gained mutation: You cannot read scrolls while threatened. [Ru sacrifice]
 14291 | Lair:2   | Reached *** piety under Ru
 14291 | Lair:2   | Reached **** piety under Ru
 14296 | Lab      | Entered a labyrinth
 14773 | Lab      | Found an exit through the horrors of the Abyss.
 14883 | Lab      | Reached skill level 10 in Conjurations
 14976 | Lab      | Noticed a minotaur
 14983 | Lab      | Killed a minotaur
 14985 | Lab      | Found the +9 staff of Olgreb {rPois}
 14985 | Lab      | Got a sparkling marble ring
 15181 | Lair:2   | Identified the ring "Fitwir" {rF+ Dex+3 Stlth+} (You found it in a labyrinth)
 15885 | Lair:3   | Found a staircase to the Snake Pit.
 16087 | Lair:3   | Gained mutation: You cannot train Armour skill. [Ru sacrifice]
 16087 | Lair:3   | Reached ***** piety under Ru
 16307 | Lair:3   | Reached skill level 1 in Fighting
 16567 | Lair:3   | Gained mutation: You have a pair of horns on your head. [demonic ancestry]
 16567 | Lair:3   | Reached XP level 12. HP: 70/76 MP: 25/25
 16666 | Snake:1  | Entered Level 1 of the Snake Pit
 17186 | Lair:4   | Found a staircase to the Shoals.
 17230 | Shoals:1 | Entered Level 1 of the Shoals
 17247 | Shoals:1 | HP: 2/117 [harpy (7)]
 17248 | Shoals:1 | Mangled by a harpy

Skill      XL: |  1  2  3  4  5  6  7  8  9 10 11 12 |
---------------+-------------------------------------+-----
Ice Magic      | 3 4 5 6 7 8 9 |  9.9
Spellcasting   | 3 4 5 6 7 8 9 |  9.5
Conjurations   | 2 3 4 6 8 9 10 | 10.4
Summonings     | 2 3 |  3.9
Long Blades    | 1 4 6 7 |  7.3
Stealth        | 0 |  0.0
Fighting       | 1 |  1.8
Dodging        | 2 |  2.2
Shields        | |  0.5

Action                   |  1- 3 |  4- 6 |  7- 9 | 10-12 || total
-------------------------+-------+-------+-------+-------++-------
Melee: Unarmed           |    14 |       |       |       ||    14
       Spear             |    46 |   126 |    19 |       ||   191
       Headbutt          |     3 |    13 |    25 |    52 ||    93
       Trident           |       |       |   210 |       ||   210
       Dagger            |       |       |    10 |       ||    10
       Long sword        |       |       |    34 |   251 ||   285
 Cast: Freeze            |    50 |    64 |    69 |       ||   183
       Ozocubu's Armour  |     1 |     1 |       |       ||     2
       Throw Icicle      |       |     2 |    45 |    28 ||    75
       Fulminant Prism   |       |       |    10 |    21 ||    31
       Summon Ice Beast  |       |       |     6 |     7 ||    13
Invok: Sacrifice Health  |       |       |     1 |       ||     1
       Sacrifice Stealth |       |       |       |     1 ||     1
       Sacrifice Words   |       |       |       |     1 ||     1
       Sacrifice Durabil |       |       |       |     1 ||     1
       Power Leap        |       |       |       |     2 ||     2
  Use: Potion            |     2 |     2 |    11 |     4 ||    19
       Scroll            |       |       |    12 |    10 ||    22
 Stab: Sleeping          |     6 |     5 |     3 |       ||    14
       Invisible         |       |       |       |     3 ||     3
       Distracted        |       |       |       |     1 ||     1
  Eat: Chunk             |     1 |     8 |    19 |    17 ||    45
       Ration            |     1 |       |     4 |     2 ||     7
Armor: Robe              |    21 |    42 |    54 |       ||   117
       Skin              |       |       |    30 |       ||    30
       Ring mail         |       |       |    41 |    86 ||   127
Dodge: Dodged            |    46 |   102 |   154 |   124 ||   426
Block: Other             |       |     2 |    54 |    40 ||    96
       Reflection        |       |       |     1 |       ||     1
       Rpst.: Long sword |       |       |     3 |    28 ||    31
